Map: Ulrena

Players

llllllllllll

  • Race: Protoss Protoss
  • League: Grandmaster

IIIIIIIIIIII (State) - Winner!

  • Race: Protoss Protoss
  • League: Master

VOD

Have the link to the VOD?

Description

Time

  • Played on: Jan. 26, 2016, 2 p.m.
  • Length: 11:07
Show
View Real Time Build Order
Export as new Build Order

llllllllllll Protoss 

Build Orders:  

Get SALT Encoding   

  12  0:01  Probe (Chrono Boost)  
  13  0:11  Probe (Chrono Boost)  
  14  0:19  Pylon  
  14  0:22  Probe (Chrono Boost)  
  15  0:37  Probe (Chrono Boost)  
  15  0:39  Gateway  
  16  0:48  Probe (Chrono Boost)  
  16  0:49  Assimilator  
  17  0:54  Assimilator  
  17  0:58  Probe (Chrono Boost)  
  18  1:06  Gateway  
  18  1:09  Probe (Chrono Boost)  
  19  1:19  Probe (Chrono Boost), Pylon  
  20  1:28  Cybernetics Core  
  20  1:32  Probe (Chrono Boost)  
  21  1:43  Probe (Chrono Boost)  
  22  1:53  Probe (Chrono Boost)  
  23  2:05  Mothership Core (Chrono Boost), Stalker  
  23  2:07  Stalker  
  29  2:18  Pylon, Warp Gate (Chrono Boost)  
  29  2:23  Probe (Chrono Boost)  
  30  2:37  Stalker x2  
  34  3:05  Robotics Facility  
  34  3:08  Pylon  
  34  3:18  Nexus  
  34  3:24  Probe  
  34  3:36  Probe  
  33  3:49  Probe (Chrono Boost)  
  33  3:54  Twilight Council  
  34  3:59  Pylon  
  34  4:00  Probe (Chrono Boost)  
  35  4:08  Stalker x2  
  39  4:11  Observer  
  39  4:13  Probe (Chrono Boost)  
  41  4:20  Gateway  
  41  4:23  Probe (Chrono Boost)  
  42  4:30  Probe (Chrono Boost), Blink (Chrono Boost)  
  43  4:37  Observer  
  44  4:40  Probe  
  44  4:42  Probe  
  44  4:45  Sentry  
  48  4:52  Probe (Chrono Boost)  
  49  4:54  Probe (Chrono Boost)  
  49  4:55  Stalker  
  52  5:03  Probe (Chrono Boost)  
  52  5:04  Probe (Chrono Boost)  
  54  5:13  Probe (Chrono Boost)  
  54  5:18  Probe (Chrono Boost)  
  53  5:23  Gateway, Probe (Chrono Boost)  
  53  5:24  Gateway  
  54  5:31  Gateway  
  54  5:34  Pylon  
  52  5:39  Stalker x2  
  55  5:45  Probe  
  55  5:46  Probe  
  57  5:50  Stalker, Assimilator  
  57  5:55  Warp Prism (Chrono Boost)  
  61  5:58  Probe  
  61  6:01  Probe  
  63  6:06  Stalker  
  63  6:07  Stalker  
  67  6:15  Stalker  
  68  6:20  Probe x2  
  68  6:24  Stalker  
  72  6:26  Stalker  
  75  6:33  Stalker x2  
  78  6:44  Stalker  
  57  7:02  Stalker x2  
  57  7:03  Stalker x2  
  57  7:04  Probe x2  
  59  7:12  Immortal (Chrono Boost)  
  61  7:17  Probe x2  
  61  7:18  Assimilator  
  61  7:26  Stalker x2  
  65  7:30  Probe x2  
  63  7:41  Stalker x2  
  65  7:46  Stalker  
  67  7:53  Stalker x2  
  71  8:01  Warp Prism (Chrono Boost)  
  73  8:07  Sentry  
  73  8:12  Sentry  
  77  8:19  Nexus  
  76  8:24  Sentry  
  78  8:33  Immortal (Chrono Boost)  
  76  8:44  Stalker  
  76  8:46  Pylon  
  78  8:48  Pylon  
  78  8:49  Pylon  
  78  8:55  Pylon  
  78  9:05  Adept x3  
  78  9:06  Adept  
  86  9:13  Stalker x2  
  86  9:15  Pylon  
  86  9:16  Templar Archives  
  89  9:28  Stalker  
  91  9:33  Stalker  
  91  9:36  Stalker x2  
  95  9:39  Stalker  
  92  9:46  Stalker  
  92  9:49  Pylon  
  88  9:55  Stalker x2  
  84  10:12  Stalker  
  84  10:18  Stalker x2  
  84  10:20  Zealot  
  82  10:21  Stalker, Zealot  
  41  10:45  Stalker x4  
Show
View Real Time Build Order
Export as new Build Order

IIIIIIIIIIII Protoss - Winner!

Build Orders: Phoenix Opening 

Get SALT Encoding   

  12  0:00  Probe (Chrono Boost)  
  13  0:11  Probe (Chrono Boost)  
  14  0:17  Pylon  
  14  0:22  Probe (Chrono Boost)  
  15  0:35  Probe (Chrono Boost)  
  16  0:37  Gateway  
  16  0:42  Assimilator  
  16  0:46  Probe (Chrono Boost)  
  17  0:51  Assimilator  
  17  0:56  Probe (Chrono Boost)  
  18  1:07  Probe (Chrono Boost)  
  18  1:08  Gateway  
  19  1:17  Probe (Chrono Boost)  
  20  1:24  Cybernetics Core  
  20  1:28  Probe (Chrono Boost)  
  21  1:35  Pylon  
  21  1:39  Probe (Chrono Boost)  
  22  1:49  Probe (Chrono Boost)  
  25  2:01  Mothership Core (Chrono Boost)  
  25  2:07  Stalker  
  25  2:08  Stalker  
  29  2:12  Warp Gate (Chrono Boost)  
  29  2:30  Pylon  
  29  2:33  Probe  
  29  2:38  Stargate  
  29  2:43  Pylon  
  29  3:00  Stalker  
  29  3:05  Stalker, Probe  
  32  3:20  Nexus  
  32  3:30  Phoenix  
  31  3:53  Mothership Core  
  31  3:55  Phoenix  
  29  4:05  Pylon  
  29  4:09  Zealot  
  31  4:16  Stalker  
  33  4:20  Phoenix (Chrono Boost)  
  35  4:25  Probe  
  36  4:32  Probe  
  36  4:37  Probe  
  38  4:42  Phoenix (Chrono Boost)  
  38  4:43  Probe  
  41  4:49  Probe  
  41  4:51  Pylon  
  42  4:53  Probe  
  43  5:01  Probe (Chrono Boost)  
  43  5:06  Robotics Facility  
  45  5:07  Probe (Chrono Boost)  
  45  5:13  Probe (Chrono Boost)  
  47  5:22  Probe (Chrono Boost)  
  47  5:24  Void Ray (Chrono Boost)  
  47  5:26  Probe (Chrono Boost)  
  52  5:33  Probe (Chrono Boost)  
  53  5:36  Probe (Chrono Boost)  
  54  5:42  Probe (Chrono Boost)  
  54  5:47  Probe  
  54  5:52  Probe  
  54  5:53  Observer (Chrono Boost)  
  56  5:58  Assimilator  
  56  5:59  Void Ray (Chrono Boost)  
  56  6:02  Gateway x2  
  56  6:04  Probe  
  61  6:11  Pylon  
  61  6:17  Pylon  
  62  6:19  Pylon  
  65  6:25  Immortal (Chrono Boost)  
  65  6:26  Probe  
  65  6:29  Probe  
  65  6:32  Sentry  
  69  6:38  Probe  
  70  6:50  Zealot  
  70  6:53  Pylon  
  70  6:54  Pylon  
  66  6:58  Zealot  
  66  6:59  Immortal (Chrono Boost)  
  70  7:01  Zealot  
  68  7:10  Zealot x2  
  69  7:15  Probe (Chrono Boost)  
  69  7:16  Probe (Chrono Boost)  
  67  7:22  Void Ray  
  67  7:27  Probe (Chrono Boost)  
  67  7:28  Probe (Chrono Boost)  
  70  7:47  Immortal (Chrono Boost)  
  72  7:52  Sentry x2  
  76  7:59  Gateway x2  
  76  8:03  Mothership Core  
  78  8:12  Zealot x2  
  82  8:14  Pylon  
  82  8:19  Zealot  
  84  8:20  Zealot  
  84  8:23  Warp Prism (Chrono Boost)  
  84  8:26  Void Ray  
  92  8:34  Sentry  
  92  8:38  Zealot  
  96  8:47  Gateway  
  96  8:49  Pylon  
  96  8:52  Gateway  
  96  9:11  Stalker  
  96  9:12  Stalker x3  
  96  9:13  Archon x2  
  96  9:14  Sentry  
  100  9:36  Zealot x2  
  100  9:37  Zealot x2  
  99  9:39  Stalker  
  99  9:43  Sentry  
  91  9:58  Sentry x2  
  91  10:00  Zealot x3  
  91  10:03  Probe x2  
  97  10:14  Stalker  
  85  10:23  Zealot x2  
  85  10:34  Stalker x2  
  85  10:35  Stalker  
  79  11:02  Stalker x3  
  79  11:04  Zealot x2  
Tags
 
Add a new tag
Caveats
  • Supply blocks, unpowered buildings, or Contaminate may cause inaccurate times.
  • Supply counts are checked every 10 seconds.